 Dungeon Crawl Stone Soup version 0.26.1-11-gd32895ea62 (webtiles) character file.

Game seed: 14635109373680191519

126 bnorton916 the Conjurer (level 4, -5/24 HPs)
             Began as a Deep Elf Conjurer on July 16, 2021.
             Slain by a gnoll
             ... wielding a +0 flail
              (10 damage)
             ... on level 1 of the Dungeon.
             The game lasted 00:02:49 (1968 turns).

bnorton916 the Conjurer (Deep Elf Conjurer)         Turns: 1968, Time: 00:02:50

Health: -5/24      AC:  3    Str:  4    XL:     4   Next: 84%
Magic:  2/13       EV: 13    Int: 24    God:
Gold:   105        SH:  0    Dex: 13    Spells: 3/13 levels left

rFire    . . .     SeeInvis .   (no weapon)
rCold    . . .     Faith    .   (no shield)
rNeg     . . .     Spirit   .   a - +1 robe
rPois    .         Reflect  .   (no helmet)
rElec    .         Harm     .   (no cloak)
rCorr    .         Rampage  .   (no gloves)
Will     .....     Rnd*Tele +   (no boots)
Stlth    +.........             (no amulet)
HPRegen  0.08/turn              e - ring of teleportation (curse)
MPRegen  0.13/turn              k - ring of attention (curse)

@: no status effects
A: no striking features
a: no special abilities


You were on level 1 of the Dungeon.
You visited 1 branch of the dungeon, and saw 2 of its levels.

You collected 105 gold pieces.

Inventory:

Missiles
 d - 46 stones
Armour
 a - a +1 robe (worn)
Jewellery
 e - a cursed ring of teleportation (left hand)
 k - a cursed ring of attention (right hand)
Scrolls
 b - a scroll of identify
Potions
 c - a potion of brilliance
 g - 3 potions of heal wounds {unknown}
 h - a potion of curing {unknown}


   Skills:
 - Level 2.4 Dodging
 - Level 2.4 Stealth
 + Level 5.1 Spellcasting
 + Level 5.6 Conjurations
 + Level 1.4 Hexes


You had 3 spell levels left.
You knew the following spells:

 Your Spells              Type           Power        Failure   Level
a - Magic Dart            Conj           100%         1%          1
b - Searing Ray           Conj           66%          1%          2
c - Dazzling Flash        Conj/Hex       46%          6%          3
d - Fulminant Prism       Conj/Hex       11%          21%         4

Your spell library contained the following spells:

 Spells                   Type           Power        Failure   Level
 Iskenderun's Mystic Bla  Conj/Tloc      19%          26%         4


Dungeon Overview and Level Annotations

Branches:
Dungeon (2/15)

Altars:


Message History

You struggle against the net.
The gnoll hits you from afar with a +0 spear!
The gnoll barely misses you.
You rip the net and break free!
The gnoll misses you. The gnoll barely misses you.
There is an escape hatch in the ceiling here.
The gnoll closely misses you. The gnoll barely misses you.
A mysterious force pulls you upwards. The hatch slams shut behind you.
Casting: Magic Dart (safe; 1% risk of failure)
Confirm with . or Enter, or press ? or * to list all spells.
Aiming: Searing Ray (safe; 1% risk of failure)
Press: ? - help, Shift-Dir - straight line, f - gnoll
Aim: a gnoll, wielding a +0 flail (17% to evade)
The searing ray hits the gnoll!
The gnoll is almost dead. (Press . to maintain the ray.)
The gnoll hits you with a +0 flail!
* * * LOW HITPOINT WARNING * * *
The searing ray misses the gnoll.
The gnoll hits you with a +0 flail!
You die...

#.# ##.##.......##.##.# #.
#.# #........#..##.##.# #.
..# #..##.##.#.....##.#####.
### #..##....#..............
#..##)####...####.......
#.......##..)###########
##########...#........)..#
.....).......###.g....##.###
#####..#..##.###@###.......#
#.###..................######
#..#..##########........'....
##...## ##......##..#.
#######.## ###'#####..#.
........# #.....##..<.
######### #..8..##....
#.....###### #######


You could see a gnoll.

Vanquished Creatures
  6 gnolls (D:2)
  3 adders (D:2)
  A worm (D:2)
  A dart slug (D:1)
  2 leopard geckos (D:2)
  A giant cockroach (D:1)
  5 goblins (D:1)
  6 hobgoblins
  4 bats
  3 frilled lizards (D:1)
  5 kobolds
  5 rats (D:1)
42 creatures vanquished.

Notes
Turn   | Place    | Note
-------+----------+-------------------------------------------
     0 | D:1      | bnorton916 the Deep Elf Conjurer began the quest for the
                  | Orb.
     0 | D:1      | Reached XP level 1. HP: 10/10 MP: 6/6
    86 | D:1      | Reached XP level 2. HP: 15/15 MP: 1/8
   966 | D:2      | Reached skill level 5 in Conjurations
   966 | D:2      | Reached XP level 3. HP: 19/19 MP: 5/10
  1348 | D:2      | Learned a level 2 spell: Searing Ray
  1352 | D:2      | Learned a level 3 spell: Dazzling Flash
  1491 | D:2      | Reached XP level 4. HP: 24/24 MP: 3/12
  1497 | D:2      | Learned a level 4 spell: Fulminant Prism
  1818 | D:2      | Reached skill level 5 in Spellcasting
  1857 | D:2      | Reached skill level 1 in Hexes
  1968 | D:1      | Slain by a gnoll

Illustrated notes

Levels and vault maps discovered:
D:1:      dpeg_arrival_rooms_b, layout_loops_ring, roderic_filled_cross
D:2:      layout_loops_corners

Skill      XL: |  1  2  3  4 |
---------------+-------------+-----
Spellcasting   | 4 5 |  5.1
Conjurations   | 5 |  5.6
Hexes          | 1 |  1.4
Dodging        | |  2.4
Stealth        | |  2.4

Action                   |  1- 3 |  4- 6 || total
-------------------------+-------+-------++-------
 Cast: Magic Dart        |    60 |    35 ||    95
       Searing Ray       |     1 |     1 ||     2
  Use: Scroll            |     4 |       ||     4
Dodge: Dodged            |    14 |    10 ||    24
